 Dungeon Crawl Stone Soup version 0.28.0-53-g5a82cb258f (webtiles) character file.

Game seed: 8355030452159758393

468 mrburnz the Cudgeller (level 6, -4/56 HPs)
             Began as a Minotaur Berserker on May 30, 2022.
             Was a Believer of Trog.
             Succumbed to Edmund's poison
             ... on level 4 of the Dungeon.
             The game lasted 00:08:27 (3846 turns).

mrburnz the Cudgeller (Minotaur Berserker)          Turns: 3846, Time: 00:08:27

Health: -4/56      AC:  6    Str: 24    XL:     6   Next: 81%
Magic:  5/5        EV: 11    Int:  4    God:    Trog [**....]
Gold:   216        SH:  0    Dex:  9    Spells: 5/5 levels left

rFire   . . .      SeeInvis .   j - +0 flail
rCold   . . .      Faith    .   (no shield)
rNeg    . . .      Spirit   .   e - +0 ring mail
rPois   .          Reflect  .   (helmet restricted)
rElec   .          Harm     .   (no cloak)
rCorr   .          Rampage  .   (no gloves)
Will    .....                   (no boots)
Stlth   +.........              (no amulet)
HPRegen 0.18/turn               (no ring)
MPRegen 0.09/turn               (no ring)

@: lethally poisoned (-4 -> -25), on berserk cooldown, slowed, very slow
A: horns 2, retaliatory headbutt
a: Renounce Religion, Berserk, Trog's Hand


You were on level 4 of the Dungeon.
You worshipped Trog.
Trog was pleased with you.
You visited 1 branch of the dungeon, and saw 4 of its levels.

You collected 216 gold pieces.

Inventory:

Hand Weapons
 a - a +0 mace
 j - a +0 flail (weapon)
 m - a +0 flail
Missiles
 i - a throwing net (quivered)
 n - 7 large rocks
Armour
 b - a +0 animal skin
 e - a +0 ring mail (worn)
Jewellery
 o - a ring of magical power
Scrolls
 c - a scroll of identify
 g - a scroll of noise {unknown}
 l - a scroll of immolation {unknown}
Potions
 d - a potion of lignification
 f - a potion of degeneration
 h - a potion of attraction {unknown}
 k - 2 potions of curing {unknown}
 p - a potion of cancellation {unknown}


   Skills:
 + Level 5.4 Fighting
 + Level 6.9 Maces & Flails
 + Level 4.7 Armour
 - Level 2.1 Dodging
 + Level 1.4 Stealth


You had 5 spell levels left.
You didn't know any spells.
Your spell library was empty.

Dungeon Overview and Level Annotations

Branches:
Dungeon (4/15)
 Temple: D:4-7

Altars:

Shops:
D:4 ?


Innate Abilities, Weirdness & Mutations

You have a pair of horns on your head.
You reflexively headbutt those who attack you in melee.


Message History

Edmund hits you with a +2 flail of venom!
You are more poisoned.
You are too injured to fight recklessly!
You are too injured to fight recklessly!
You are too injured to fight recklessly!
You are too injured to fight recklessly!
You closely miss Edmund. You headbutt Edmund!
Edmund is almost dead.
You feel very sick.
Edmund hits you with a +2 flail of venom.
You are more poisoned.
You are too berserk!
You bludgeon Edmund!!
You kill Edmund!
Trog accepts your kill.
* * * LOW HITPOINT WARNING * * *
You feel extremely sick.
* * * LOW HITPOINT WARNING * * *
You feel very sick.
There is a lethal amount of poison in your body!
There is a lethal amount of poison in your body!
There is a lethal amount of poison in your body!
There is a lethal amount of poison in your body!
There is a lethal amount of poison in your body!
There is a lethal amount of poison in your body!
There is a lethal amount of poison in your body!
There is a lethal amount of poison in your body!
There is a lethal amount of poison in your body!
You are too berserk!
You feel a strong urge to attack something.
* * * LOW HITPOINT WARNING * * *
You feel very sick.
* * * LOW HITPOINT WARNING * * *
You feel very sick.
You feel your anger nearly subside.
You are no longer berserk.
You are exhausted.
You feel yourself slow down.
* * * LOW HITPOINT WARNING * * *
You feel very sick.
You die...

.........................
#####......†.........:..#
...##...................#
<#............###########
...###.......## ... ##.#
##.......###.###.## ##.##
####.##...........
.#..######(.####.####.##
.##..##........)@#
..........#.....##
#####..##.#.###...
##...##.#.# ###.
#..#......# #.####.#..#
#.......... ##.....##...
#.......#.#..


There were no monsters in sight!

Vanquished Creatures
  Edmund (D:4)
  An ogre (D:3)
  A gnoll shaman (D:3)
  An orc priest (D:3)
  Natasha (thrice) (D:3)
  5 gnolls (D:3)
  2 adders
  2 worms (D:2)
  A dart slug (D:1)
  4 orcs (D:3)
  An endoplasm (D:1)
  A giant cockroach (D:1)
  14 goblins
  5 hobgoblins
  3 jackals (D:1)
  10 kobolds
  2 quokkas
  2 ball pythons
  3 bats
  A frilled lizard (D:1)
  3 rats
66 creatures vanquished.

Notes
Turn   | Place    | Note
-------+----------+-------------------------------------------
     0 | D:1      | mrburnz the Minotaur Berserker began the quest for the Orb.
     0 | D:1      | Reached XP level 1. HP: 19/19 MP: 0/0
   251 | D:1      | Reached XP level 2. HP: 27/27 MP: 1/1
   265 | D:1      | Reached skill level 4 in Maces & Flails
  1126 | D:2      | Reached XP level 3. HP: 28/33 MP: 2/2
  1287 | D:2      | Found a faded altar of an unknown god.
  2379 | D:3      | Noticed Natasha
  2385 | D:3      | Killed Natasha
  2386 | D:3      | Reached XP level 4. HP: 36/41 MP: 3/3
  2443 | D:3      | Reached skill level 5 in Maces & Flails
  2455 | D:3      | Reached skill level 5 in Fighting
  2455 | D:3      | Reached XP level 5. HP: 48/48 MP: 4/4
  2801 | D:3      | Noticed Natasha
  2810 | D:3      | Killed Natasha
  2811 | D:3      | Reached skill level 1 in Stealth
  2848 | D:3      | Noticed Natasha
  2855 | D:3      | Killed Natasha
  3099 | D:3      | Reached ** piety under Trog
  3100 | D:3      | Reached skill level 6 in Maces & Flails
  3547 | D:3      | Noticed an ogre
  3558 | D:3      | Reached XP level 6. HP: 56/56 MP: 5/5
  3738 | D:4      | Found Galel's Magic Scroll Boutique.
  3833 | D:4      | Noticed Edmund
  3841 | D:4      | Killed Edmund
  3845 | D:4      | HP: 2/56 [poisoned by Edmund]
  3846 | D:4      | Succumbed to Edmund's poison

Illustrated notes

Levels and vault maps discovered:
D:1:      dpeg_arrival_arbitrary_c, layout_basic, nicolae_figureground_sparkle
D:2:      layout_basic, hellmonk_ecumenical_altar_zigzags
D:3:      layout_loops_corners, minmay_ogre_servants, uniq_natasha
D:4:      layout_rooms, serial_shops, nicolae_inconvenience_store,
          nicolae_take_the_stairs, uniq_edmund

Skill      XL: |  1  2  3  4  5  6 |
---------------+-------------------+-----
Fighting       | 4 5 |  5.4
Maces & Flails | 4 5 6 |  6.9
Armour         | 3 4 |  4.7
Stealth        | 1 |  1.4
Dodging        | |  2.1

Action                   |  1- 3 |  4- 6 || total
-------------------------+-------+-------++-------
Melee: Mace              |    72 |    41 ||   113
       Headbutt          |     8 |    13 ||    21
       Flail             |       |    28 ||    28
Invok: Berserk           |       |     5 ||     5
  Use: Scroll            |     3 |     1 ||     4
 Stab: Distracted        |       |     1 ||     1
Armor: Animal skin       |    10 |       ||    10
       Ring mail         |     1 |     6 ||     7
Dodge: Dodged            |    45 |    31 ||    76
